TOP OF THE 1ST |
Eau Claire Esquires batting - Pitching for Saskatoon Smokin' Guns : RHP Artie Smith
|
Pitching: RHP Artie Smith
|
|
Batting: LHB Johnny Foley
|
0-0: Called Strike 0-1: Foul Ball, location: 2F 0-2: SOLO HOME RUN (Flyball, 9LD), Distance : 344 ft
|
Batting: RHB Claudio Rodríguez
|
0-0: Hit by Pitch
|
Batting: LHB Will Rhodes
|
0-0: Ball 1-0: Ball 2-0: SINGLE (Groundball, 34D) Claudio Rodríguez to second Runner from 2nd tries for 3rd, SAFE, no throw
|
Batting: RHB Julián Ramírez
|
0-0: Ball 1-0: Ball 2-0: Foul Ball, location: 2F 2-1: SINGLE (Flyball, 9S) Claudio Rodríguez scores Will Rhodes to second
|
Batting: RHB Cipriano Salas
|
0-0: Ball 1-0: Called Strike 1-1: Foul Ball, location: 2F 1-2: Foul Ball, location: 2F 1-2: Ball 2-2: Ball 3-2: Base on Balls Will Rhodes to third Julián Ramírez to second
|
Batting: SHB Paul Davenport
|
0-0: Foul Ball, location: 2F 0-1: Foul Ball, location: 2F 0-2: SINGLE (Groundball, 4MD) Will Rhodes scores Julián Ramírez to third Cipriano Salas to second
|
Batting: RHB Tom McBride
|
0-0: Ball 1-0: Called Strike 1-1: Foul Ball, location: 2F 1-2: Ball 2-2: Ball 3-2: Foul Ball, location: 2F 3-2: Strikes out swinging
|
Batting: RHB Tomás Rivera
|
0-0: Ball 1-0: TRIPLE (Line Drive, 78XD) Julián Ramírez scores Cipriano Salas scores Paul Davenport scores
|
Batting: RHB Silas Small
|
0-0: Ball 1-0: Called Strike 1-1: SINGLE (Groundball, 56D) Tomás Rivera scores
|
Batting: LHB Johnny Foley
|
0-0: 2-RUN HOME RUN (Flyball, 7D) (Inside the Park)
|
Batting: RHB Claudio Rodríguez
|
0-0: Ball 1-0: Fly out, F8 (Flyball, 8RM)
|
Batting: LHB Will Rhodes
|
0-0: Ball 1-0: Called Strike 1-1: Called Strike 1-2: SINGLE (Groundball, 4MD)
|
Batting: RHB Julián Ramírez
|
0-0: Ball 1-0: Called Strike 1-1: Fielders Choice at 2nd, 6-4 (Groundball, 6)
|
Top of the 1st over - 9 runs, 8 hits, 0 errors, 1 left on base; Eau Claire 9 - Saskatoon 0 |
BOTTOM OF THE 1ST |
Saskatoon Smokin' Guns batting - Pitching for Eau Claire Esquires : RHP Ángel Gil
|
Pitching: RHP Ángel Gil
|
|
Batting: RHB Luis Suárez
|
0-0: Ball 1-0: Called Strike 1-1: Called Strike 1-2: Strikes out looking
|
Batting: RHB Rafael Gonzáles
|
0-0: Ball 1-0: Swinging Strike 1-1: Foul Ball, location: 2F 1-2: Ground out 4-3 (Groundball, 4)
|
Batting: RHB Juan Alvarado
|
0-0: Swinging Strike 0-1: Swinging Strike 0-2: Strikes out looking
|
Bottom of the 1st over - 0 runs, 0 hits, 0 errors, 0 left on base; Eau Claire 9 - Saskatoon 0 |
TOP OF THE 2ND |
Eau Claire Esquires batting - Pitching for Saskatoon Smokin' Guns : RHP Artie Smith
|
Batting: RHB Cipriano Salas
|
0-0: Ball 1-0: Ball 2-0: SOLO HOME RUN (Flyball, 7LD), Distance : 406 ft
|
Batting: SHB Paul Davenport
|
0-0: Ball 1-0: Foul Ball, location: 2F 1-1: Ball 2-1: Foul Ball, location: 2F 2-2: Ball 3-2: Base on Balls
|
Batting: RHB Tom McBride
|
0-0: Ball 1-0: Called Strike 1-1: Ball 2-1: Foul Ball, location: 2F 2-2: Ground out 5-3 (Groundball, 56S) Paul Davenport to second
|
Batting: RHB Tomás Rivera
|
0-0: Ball 1-0: Foul Ball, location: 2F 1-1: Ball 2-1: Foul Ball, location: 2F 2-2: Ball 3-2: Base on Balls
|
Batting: RHB Silas Small
|
0-0: Called Strike 0-1: Ball 1-1: Ball 2-1: Fly out, F6 (Line Drive, 6M)
|
Batting: LHB Johnny Foley
|
0-0: Ball 1-0: Fly out, F9 (Flyball, 9LM)
|
Top of the 2nd over - 1 run, 1 hit, 0 errors, 2 left on base; Eau Claire 10 - Saskatoon 0 |
BOTTOM OF THE 2ND |
Saskatoon Smokin' Guns batting - Pitching for Eau Claire Esquires : RHP Ángel Gil
|
Batting: RHB Lyle Johnston
|
0-0: Called Strike 0-1: Called Strike 0-2: Ball 1-2: Ball 2-2: Strikes out swinging, 2-3 out at first.
|
Batting: RHB Juan Cardenas
|
0-0: Foul Ball, location: 2F 0-1: Fly out, F9 (Line Drive, 9S)
|
Batting: RHB Mike Ratzlaff
|
0-0: Called Strike 0-1: Called Strike 0-2: Foul Ball, location: 2F 0-2: Strikes out swinging
|
Bottom of the 2nd over - 0 runs, 0 hits, 0 errors, 0 left on base; Eau Claire 10 - Saskatoon 0 |
TOP OF THE 3RD |
Eau Claire Esquires batting - Pitching for Saskatoon Smokin' Guns : RHP Artie Smith
|
Batting: RHB Claudio Rodríguez
|
0-0: Ball 1-0: Ball 2-0: Ball 3-0: Called Strike 3-1: Base on Balls
|
Batting: LHB Will Rhodes
|
0-0: Ball 1-0: Called Strike 1-1: Ball 2-1: Called Strike 2-2: Foul Ball, location: 2F 2-2: Fly out, F9 (Flyball, 9S)
|
Batting: RHB Julián Ramírez
|
0-0: Ball Throwing error on steal attempt, E2 Claudio Rodríguez to third 1-0: Ball 2-0: Fly out, F3 (Popup, 3)
|
Batting: RHB Cipriano Salas
|
0-0: Called Strike 0-1: Swinging Strike 0-2: Strikes out swinging
|
Top of the 3rd over - 0 runs, 0 hits, 1 error, 1 left on base; Eau Claire 10 - Saskatoon 0 |
BOTTOM OF THE 3RD |
Saskatoon Smokin' Guns batting - Pitching for Eau Claire Esquires : RHP Ángel Gil
|
Batting: RHB Joe Wiggs
|
0-0: Swinging Strike 0-1: Swinging Strike 0-2: Strikes out looking
|
Batting: SHB Mathew Olson
|
0-0: Ball 1-0: Foul Ball, location: 2F 1-1: Ball 2-1: Foul Ball, location: 2F 2-2: Ball 3-2: SINGLE (Groundball, 6MS) (infield hit)
|
Batting: RHB Júlio Durán
|
0-0: Ball 1-0: Ball 2-0: Called Strike 2-1: Grounds into double play, 4-6-3 (Groundball, 4)
|
Bottom of the 3rd over - 0 runs, 1 hit, 0 errors, 0 left on base; Eau Claire 10 - Saskatoon 0 |
TOP OF THE 4TH |
Eau Claire Esquires batting - Pitching for Saskatoon Smokin' Guns : RHP Artie Smith
|
Batting: SHB Paul Davenport
|
0-0: Called Strike 0-1: SINGLE (Flyball, 89M)
|
Batting: RHB Tom McBride
|
0-0: Called Strike 0-1: Foul Ball, location: 2F 0-2: Ball 1-2: Strikes out looking
|
Batting: RHB Tomás Rivera
|
0-0: Swinging Strike 0-1: Ball 1-1: Ball 2-1: Ball 3-1: Base on Balls Paul Davenport to second
|
Batting: RHB Silas Small
|
0-0: Called Strike 0-1: Swinging Strike 0-2: Strikes out swinging
|
Batting: LHB Johnny Foley
|
0-0: Ball 1-0: Ball 2-0: Ball 3-0: Called Strike 3-1: Base on Balls Paul Davenport to third Tomás Rivera to second
|
Pitching: RHP Awragh Masasu
|
|
Batting: RHB Claudio Rodríguez
|
0-0: Ball 1-0: Foul Ball, location: 2F 1-1: Ground out 4-3 (Groundball, 34)
|
Top of the 4th over - 0 runs, 1 hit, 0 errors, 3 left on base; Eau Claire 10 - Saskatoon 0 |
BOTTOM OF THE 4TH |
Saskatoon Smokin' Guns batting - Pitching for Eau Claire Esquires : RHP Ángel Gil
|
Batting: RHB Luis Suárez
|
0-0: Ground out 5-3 (Groundball, 5L)
|
Batting: RHB Rafael Gonzáles
|
0-0: Foul Ball, location: 2F 0-1: Swinging Strike 0-2: Strikes out swinging
|
Batting: RHB Juan Alvarado
|
0-0: Ball 1-0: Foul Ball, location: 2F 1-1: Ball 2-1: Ball 3-1: Ground out 5-3 (Groundball, 56)
|
Bottom of the 4th over - 0 runs, 0 hits, 0 errors, 0 left on base; Eau Claire 10 - Saskatoon 0 |
TOP OF THE 5TH |
Eau Claire Esquires batting - Pitching for Saskatoon Smokin' Guns : RHP Awragh Masasu
|
Batting: LHB Will Rhodes
|
0-0: Called Strike 0-1: Foul Ball, location: 2F 0-2: Ball 1-2: Foul Ball, location: 2F 1-2: Ball 2-2: Strikes out looking
|
Batting: RHB Julián Ramírez
|
0-0: Ball 1-0: Ball 2-0: Foul Ball, location: 2F 2-1: Called Strike 2-2: Ball 3-2: Foul Ball, location: 2F 3-2: Foul Ball, location: 2F 3-2: Strikes out swinging
|
Batting: RHB Cipriano Salas
|
0-0: SINGLE (Line Drive, 6MD)
|
Batting: SHB Paul Davenport
|
0-0: Ball 1-0: Called Strike 1-1: Foul Ball, location: 2F 1-2: Ball 2-2: Foul Ball, location: 2F 2-2: Ball 3-2: Fly out, F5 (Popup, 5S)
|
Top of the 5th over - 0 runs, 1 hit, 0 errors, 1 left on base; Eau Claire 10 - Saskatoon 0 |
BOTTOM OF THE 5TH |
Saskatoon Smokin' Guns batting - Pitching for Eau Claire Esquires : RHP Ángel Gil
|
Batting: RHB Lyle Johnston
|
0-0: Called Strike 0-1: Foul Ball, location: 2F 0-2: Ball 1-2: SOLO HOME RUN (Flyball, 78XD), Distance : 456 ft
|
Batting: RHB Juan Cardenas
|
0-0: Called Strike 0-1: Called Strike 0-2: Strikes out looking
|
Batting: RHB Mike Ratzlaff
|
0-0: Ball 1-0: Foul Ball, location: 2F 1-1: Foul Ball, location: 2F 1-2: Ball 2-2: Foul Ball, location: 2F 2-2: Strikes out looking
|
Batting: RHB Joe Wiggs
|
0-0: SINGLE (Line Drive, 78S)
|
Batting: SHB Mathew Olson
|
0-0: Ball 1-0: Fly out, F8 (Flyball, 8LD)
|
Bottom of the 5th over - 1 run, 2 hits, 0 errors, 1 left on base; Eau Claire 10 - Saskatoon 1 |
TOP OF THE 6TH |
Eau Claire Esquires batting - Pitching for Saskatoon Smokin' Guns : RHP Awragh Masasu
|
Batting: RHB Tom McBride
|
0-0: Called Strike 0-1: Ball 1-1: Ball 2-1: Ball 3-1: Base on Balls
|
Batting: RHB Tomás Rivera
|
0-0: Ball 1-0: Swinging Strike 1-1: Ball 2-1: Grounds into double play, 4-6-3 (Groundball, 4M)
|
Batting: RHB Silas Small
|
0-0: Ball 1-0: Swinging Strike 1-1: Called Strike 1-2: Ball 2-2: Strikes out swinging
|
Top of the 6th over - 0 runs, 0 hits, 0 errors, 0 left on base; Eau Claire 10 - Saskatoon 1 |
BOTTOM OF THE 6TH |
Saskatoon Smokin' Guns batting - Pitching for Eau Claire Esquires : RHP Ángel Gil
|
Batting: RHB Júlio Durán
|
0-0: Foul Ball, location: 2F 0-1: Swinging Strike 0-2: Ball 1-2: Ball 2-2: Strikes out swinging
|
Batting: RHB Luis Suárez
|
0-0: Ball 1-0: Ball 2-0: Called Strike 2-1: Foul Ball, location: 2F 2-2: Ground out U3 (Groundball, 3)
|
Batting: RHB Rafael Gonzáles
|
0-0: Ground out 5-3 (Groundball, 56)
|
Bottom of the 6th over - 0 runs, 0 hits, 0 errors, 0 left on base; Eau Claire 10 - Saskatoon 1 |
TOP OF THE 7TH |
Eau Claire Esquires batting - Pitching for Saskatoon Smokin' Guns : RHP Awragh Masasu
|
Batting: LHB Johnny Foley
|
0-0: Foul Ball, location: 2F 0-1: Ball 1-1: Swinging Strike 1-2: Strikes out swinging
|
Batting: RHB Claudio Rodríguez
|
0-0: Ball 1-0: Ground out 5-3 (Groundball, 56S)
|
Batting: LHB Will Rhodes
|
0-0: Fly out, F1 (Line Drive, 15)
|
Top of the 7th over - 0 runs, 0 hits, 0 errors, 0 left on base; Eau Claire 10 - Saskatoon 1 |
BOTTOM OF THE 7TH |
Saskatoon Smokin' Guns batting - Pitching for Eau Claire Esquires : RHP Ángel Gil
|
Batting: RHB Juan Alvarado
|
0-0: Called Strike 0-1: Ball 1-1: Ball 2-1: Foul Ball, location: 2F 2-2: Hit by Pitch
|
Batting: RHB Lyle Johnston
|
0-0: Called Strike 0-1: Swinging Strike 0-2: Ball 1-2: Fly out, F3 (Popup, 3S)
|
Batting: RHB Juan Cardenas
|
0-0: Ball Juan Alvarado steals 2nd base 1-0: Foul Ball, location: 2F 1-1: Foul Ball, location: 2F 1-2: Strikes out swinging
|
Batting: RHB Mike Ratzlaff
|
0-0: Ball 1-0: Called Strike 1-1: Foul Ball, location: 2F 1-2: Strikes out swinging
|
Bottom of the 7th over - 0 runs, 0 hits, 0 errors, 1 left on base; Eau Claire 10 - Saskatoon 1 |
TOP OF THE 8TH |
Eau Claire Esquires batting - Pitching for Saskatoon Smokin' Guns : RHP Awragh Masasu
|
Batting: RHB Julián Ramírez
|
0-0: Ball 1-0: SINGLE (Line Drive, 4M)
|
Batting: RHB Cipriano Salas
|
0-0: Swinging Strike 0-1: Ball 1-1: Ball 2-1: Foul Ball, location: 2F 2-2: Ball 3-2: Base on Balls Julián Ramírez to second
|
Batting: SHB Paul Davenport
|
0-0: Ball 1-0: Ball 2-0: Foul Ball, location: 2F 2-1: Ball 3-1: Swinging Strike 3-2: Foul Ball, location: 2F 3-2: DOUBLE (Line Drive, 9LM) Julián Ramírez scores Cipriano Salas to third
|
Batting: RHB Tom McBride
|
0-0: Foul Ball, location: 2F 0-1: Ball 1-1: Ball 2-1: Ball 3-1: Base on Balls
|
Batting: RHB Tomás Rivera
|
0-0: Ball 1-0: DOUBLE (Flyball, 89D) Cipriano Salas scores Paul Davenport scores Tom McBride to third
|
Batting: RHB Silas Small
|
0-0: Ball 1-0: DOUBLE (Line Drive, 7LM) Tom McBride scores Tomás Rivera scores
|
Batting: LHB Johnny Foley
|
0-0: Called Strike 0-1: Ball 1-1: Foul Ball, location: 2F 1-2: Ball 2-2: Ball 3-2: Foul Ball, location: 2F 3-2: Base on Balls
|
Batting: RHB Claudio Rodríguez
|
0-0: Ball 1-0: Foul Ball, location: 2F 1-1: Swinging Strike 1-2: Ball 2-2: Ball 3-2: Base on Balls Silas Small to third Johnny Foley to second
|
Batting: LHB Will Rhodes
|
0-0: Ball 1-0: Ball 2-0: Foul Ball, location: 2F 2-1: Swinging Strike 2-2: Foul Ball, location: 2F 2-2: Fielders Choice at 2nd, 4-6 (Groundball, 4D) Silas Small scores Johnny Foley to third
|
Batting: RHB Julián Ramírez
|
0-0: Reached via error on a dropped throw, E1 Johnny Foley scores Will Rhodes to second
|
Batting: RHB Cipriano Salas
|
0-0: Called Strike 0-1: Fielders Choice at 2nd, 6-4 (Groundball, 56) Will Rhodes to third
|
Batting: SHB Paul Davenport
|
0-0: Ball 1-0: Fly out, F8 (Flyball, 8RS)
|
Top of the 8th over - 7 runs, 4 hits, 1 error, 2 left on base; Eau Claire 17 - Saskatoon 1 |
BOTTOM OF THE 8TH |
Saskatoon Smokin' Guns batting - Pitching for Eau Claire Esquires : RHP Ángel Gil
|
Batting: RHB Joe Wiggs
|
0-0: Ball 1-0: Swinging Strike 1-1: Ball 2-1: Ball 3-1: Called Strike 3-2: Strikes out swinging
|
Batting: SHB Mathew Olson
|
0-0: Foul Ball, location: 2F 0-1: Swinging Strike 0-2: Strikes out swinging
|
Batting: RHB Júlio Durán
|
0-0: Ball 1-0: Fly out, F9 (Line Drive, 89D)
|
Bottom of the 8th over - 0 runs, 0 hits, 0 errors, 0 left on base; Eau Claire 17 - Saskatoon 1 |
TOP OF THE 9TH |
Eau Claire Esquires batting - Pitching for Saskatoon Smokin' Guns : RHP Awragh Masasu
|
Batting: RHB Tom McBride
|
0-0: Foul Ball, location: 2F 0-1: Fly out, F7 (Flyball, 78S)
|
Batting: RHB Tomás Rivera
|
0-0: Ground out 6-3 (Groundball, 6)
|
Batting: RHB Silas Small
|
0-0: Ball 1-0: Ball 2-0: Ball 3-0: Called Strike 3-1: Called Strike 3-2: Base on Balls
|
Batting: LHB Johnny Foley
|
0-0: Called Strike 0-1: Ball 1-1: Ball 2-1: Ball 3-1: Base on Balls Silas Small to second
|
Batting: RHB Claudio Rodríguez
|
0-0: Called Strike 0-1: Ball 1-1: Foul Ball, location: 2F 1-2: Ball 2-2: Strikes out swinging
|
Top of the 9th over - 0 runs, 0 hits, 0 errors, 2 left on base; Eau Claire 17 - Saskatoon 1 |
BOTTOM OF THE 9TH |
Saskatoon Smokin' Guns batting - Pitching for Eau Claire Esquires : RHP Ángel Gil
|
Now at 2B: Kyle McIntyre
|
|
Batting: RHB Luis Suárez
|
0-0: DOUBLE (Line Drive, 8LD)
|
Batting: RHB Rafael Gonzáles
|
0-0: Ball 1-0: Ground out 4-3 (Groundball, 4) Luis Suárez to third
|
Batting: RHB Juan Alvarado
|
0-0: Ball 1-0: Ball 2-0: Called Strike 2-1: Ground out 5-3 (Groundball, 56) Luis Suárez scores
|
Batting: RHB Lyle Johnston
|
0-0: Ball 1-0: Called Strike 1-1: Called Strike 1-2: Ball 2-2: Foul Ball, location: 2F 2-2: Ball 3-2: Base on Balls
|
Batting: RHB Juan Cardenas
|
0-0: Called Strike 0-1: Ball 1-1: Hit by Pitch Lyle Johnston to second
|
Batting: RHB Mike Ratzlaff
|
0-0: Ball 1-0: 3-RUN HOME RUN (Flyball, 7LD), Distance : 418 ft
|
Pinch Hitting: LHB Ben Donaldson
|
0-0: Ball 1-0: Foul Ball, location: 2F 1-1: Ball 2-1: Ground out 4-3 (Groundball, 4)
|
Bottom of the 9th over - 4 runs, 2 hits, 0 errors, 0 left on base; Eau Claire 17 - Saskatoon 5 |
|